 Dungeon Crawl Stone Soup version 0.23.2-1-ga50397a6bc (webtiles) character file.

Game seed: 13162742325843635547

112031 Shannon140 the Unseen (level 16, -6/159 HPs)
             Began as a Naga Wanderer on Apr 27, 2019.
             Was an Initiate of Gozag.
             Mangled by a shambling mangrove (35 damage)
             ... while paralysed by a hornet
             ... on level 2 of the Swamp on Apr 28, 2019.
             The game lasted 01:35:33 (36986 turns).

Shannon140 the Unseen (Naga Wanderer)              Turns: 36986, Time: 01:35:34

Health: -6/159     AC: 31    Str: 15    XL:     16   Next: 59%
Magic:  21/21      EV: -2    Int: 21    God:    Gozag
Gold:   5752       SH:  0    Dex: 15    Spells: 6/25 levels left

rFire    + + +     SeeInvis +   a - +2 demon trident (elec)
rCold    + . .     Gourm    .   U - +0 shield
rNeg     . . .     Faith    .   A - +5 robe "Ymeucic" {rF+++ Regen+ Int-3 Stlth+}
rPois    +         Spirit   .   G - +2 helmet {SInv}
rElec    +         Reflect  .   F - +1 cloak {MR+}
rCorr    .         Harm     .   j - +1 pair of gloves
MR       +++..                  c - +0 naga barding "Leut" {Int+9 Dex-2 Stlth+}
Stlth    +++++++++.             (no amulet)
HPRegen  0.76/turn              h - +5 ring of protection
MPRegen  0.17/turn              Z - ring of Tomoleber {rElec rC+ Dex+2}

@: paralysed, grasped by roots, slowed, constricted, lightly drained, very slow
A: large, see invisible, deformed body, low mp 1, mutation resistance 1, poison
resistance, slowness 2, slow metabolism 1, spit poison 1, constrict 1, AC +5
a: Spit Poison, Potion Petition, Call Merchant, Bribe Branch, Renounce Religion


You were on level 2 of the Swamp.
You worshipped Gozag.
Gozag was greatly pleased with you.
You were not hungry.

You visited 6 branches of the dungeon, and saw 28 of its levels.
You also visited: Sewer and Ossuary.

You collected 6827 gold pieces.
You spent 637 gold pieces at shops.
You paid 438 gold pieces to Gozag.

Inventory:

Hand Weapons
 a - a +2 demon trident of electrocution (weapon)
 b - a +3 whip of venom
Missiles
 W - 2 throwing nets (quivered)
Armour
 c - the +0 naga barding "Leut" (worn) {Int+9 Dex-2 Stlth+}
   (You acquired it on level 5 of the Lair of Beasts)

   It affects your intelligence (+9).
   It affects your dexterity (-2).
   It makes you more stealthy.
 j - a +1 pair of gloves (worn)
 q - a +2 naga barding of flying
 u - the +9 ice dragon scales of the King of the Hill {rF- rC++ rCorr Slay+3}
   (You found it on level 11 of the Dungeon)

   It affects your accuracy and damage with ranged weapons and melee attacks
   (+3).
   It makes you vulnerable to fire.
   It greatly protects you from cold.
   It provides partial protection from all sources of acid and corrosion.
 A - the +5 robe "Ymeucic" (worn) {rF+++ Regen+ Int-3 Stlth+}
   (You found it on level 12 of the Dungeon)

   It affects your intelligence (-3).
   It renders you almost immune to fire.
   It increases your rate of regeneration.
   It makes you more stealthy.
 F - a +1 cloak of magic resistance (worn)
 G - a +2 helmet of see invisible (worn)
 U - a +0 shield (worn)
Jewellery
 d - an uncursed ring of protection from magic
 h - a +5 ring of protection (left hand)
 C - an uncursed ring of wizardry
 H - an uncursed ring of protection from fire
 M - an uncursed ring of protection from cold
 Z - the ring of Tomoleber (right hand) {rElec rC+ Dex+2}
   (You took it off an orc on level 11 of the Dungeon)

   [ring of dexterity]

   It affects your dexterity (+2).
   It protects you from cold.
   It insulates you from electricity.
Wands
 g - a wand of iceblast (3)
 J - a wand of digging (20)
 P - a wand of clouds (8)
 Q - a wand of flame (29)
Scrolls
 l - 2 scrolls of enchant armour
 n - a scroll of fear
 p - 2 scrolls of immolation
 r - 4 scrolls of amnesia
 s - 3 scrolls of remove curse
 v - a scroll of silence
 y - 2 scrolls of vulnerability
 E - a scroll of identify
 I - 6 scrolls of enchant weapon
 L - 4 scrolls of fog
 R - 3 scrolls of teleportation
 V - 5 scrolls of magic mapping
Potions
 e - 6 potions of lignification
 i - a potion of ambrosia
 k - 5 potions of magic
 m - 3 potions of resistance
 o - 8 potions of flight
 t - 20 potions of curing
 w - 10 potions of agility
 x - 7 potions of heal wounds
 z - 6 potions of brilliance
 B - a potion of might
 D - a potion of mutation
 K - 2 potions of haste
 Y - a potion of cancellation
Miscellaneous
 S - a lamp of fire
Comestibles
 f - 22 rations


   Skills:
 - Level 14.1(13.6) Fighting
 + Level 3.1(2.7) Polearms
 - Level 10.5(10.0) Armour
 - Level 5.0(4.6) Dodging
 - Level 20.4(19.8) Stealth
 - Level 9.0(8.6) Shields
 + Level 5.3(4.9) Spellcasting
 + Level 5.8(5.4) Hexes
 * Level 7.5(7.1) Summonings
 - Level 4.0(3.6) Translocations
   Level 2.0(1.6) Fire Magic
 - Level 2.0(1.6) Air Magic
 - Level 5.0(4.5) Poison Magic
 - Level 1.0(0.6) Evocations


You had 6 spell levels left.
You knew the following spells:

 Your Spells              Type           Power        Failure   Level  Hunger
a - Summon Mana Viper     Hex/Summ       ####....     24%         5    #####..
b - Blink                 Tloc           N/A          4%          2    None
c - Regeneration          Chrm/Necr      #.........   34%         3    ##.....
d - Summon Butterflies    Summ           #####...     1%          1    None
e - Ensorcelled Hibernat  Hex/Ice        ###...       6%          2    None
f - Poisonous Vapours     Pois/Air       ###...       4%          2    None
g - Passage of Golubria   Tloc           N/A          26%         4    ####...

Your spell library contained the following spells:

 Spells                   Type           Power        Failure   Level  Hunger
 Corona                   Hex            ####...      1%          1    None
 Summon Small Mammal      Summ           ####         1%          1    None
 Call Imp                 Summ           #####...     1%          2    None
 Slow                     Hex            ####....     1%          2    None
 Summon Guardian Golem    Hex/Summ       ####....     2%          3    ##.....
 Confuse                  Hex            ####....     3%          3    ##.....
 Recall                   Summ/Tloc      N/A          3%          3    ##.....
 Tukima's Dance           Hex            ####....     3%          3    ##.....
 Sting                    Conj/Pois      ##..         4%          1    None
 Portal Projectile        Hex/Tloc       ###...       5%          3    ##.....
 Gell's Gravitas          Tloc           ###.......   8%          3    ##.....
 Shock                    Conj/Air       #...         9%          1    None
 Shroud of Golubria       Chrm/Tloc      ##........   9%          2    None
 Inner Flame              Hex/Fire       ###.....     9%          3    ##.....
 Magic Dart               Conj           #...         12%         1    None
 Sandblast                Erth           #.....       12%         1    None
 Dazzling Spray           Conj/Hex       ###...       12%         3    ##.....
 Cause Fear               Hex            ####......   12%         4    ####...
 Spider Form              Tmut/Pois      ##........   14%         3    ##.....
 Ignite Poison            Fire/Tmut/Pois ##......     16%         3    ##.....
 Mephitic Cloud           Conj/Pois/Air  ##......     16%         3    ##.....
 Passwall                 Tmut/Erth      #.......     19%         2    None
 Sublimation of Blood     Necr           #.........   19%         2    None
 Olgreb's Toxic Radiance  Pois           ###.....     19%         4    ####...
 Conjure Flame            Conj/Fire      #.......     26%         3    ##.....
 Static Discharge         Conj/Air       #.......     26%         3    ##.....
 Stone Arrow              Conj/Erth      #.....       34%         3    ##.....
 Vampiric Draining        Necr           #.........   34%         3    ##.....
 Leda's Liquefaction      Hex/Erth       ###.......   36%         4    ####...
 Force Lance              Conj/Tloc      ##......     50%         4    ####...
 Airstrike                Air            ##........   52%         4    ####...
 Silence                  Hex/Air        ###.......   58%         5    #####..
 Petrify                  Tmut/Erth      #.......     75%         4    ####...
 Venom Bolt               Conj/Pois      ##........   77%         5    #####..
 Fireball                 Conj/Fire      #.........   93%         5    #####..
 Bolt of Magma            Conj/Fire/Erth #.........   95%         5    #####..
 Agony                    Necr           #.......     97%         5    #####..
 Dispel Undead            Necr           #.......     97%         5    #####..
 Excruciating Wounds      Chrm/Necr      #.........   97%         5    #####..
 Irradiate                Conj/Tmut      #.........   97%         5    #####..
 Lee's Rapid Deconstruct  Erth           #.........   97%         5    #####..
 Death Channel            Necr           #.........   100%        6    #######
 Deflect Missiles         Chrm/Air       #.........   100%        6    #######
 Simulacrum               Ice/Necr       #.........   100%        6    #######
 Summon Hydra             Summ           #####.....   99%         7    #######
 Spellforged Servitor     Conj/Summ      ###.......   100%        7    #######
 Tornado                  Air            ##........   100%        9    #######


Dungeon Overview and Level Annotations

Branches:
Dungeon (15/15)            Temple (1/1) D:6            Lair (6/6) D:8
  Swamp (3/4) Lair:3       Spider (1/4) Lair:4          Orc (2/2) D:9
    Elf (0/3) Orc:2        Vaults (0/5) D:13         Depths (0/5) D:15
  Slime: Lair:5-6

Altars:
Ashenzari
Cheibriados
Dithmenos
Elyvilon
Fedhas
Gozag
Hepliaklqana
Kikubaaqudgha
Makhleb
Nemelex Xobeh
Okawaru
Qazlal
Ru
Sif Muna
Trog
Uskayaw
Vehumet
Wu Jian
Xom
Yredelemnul
Zin
The Shining One
Beogh
Lugonu

Shops:
D:6 [   D:11 *   D:13 *   Orc:1 !   Orc:2 =:%*

Annotations:
D:13 1 runed translucent door
D:15 exclusion: Roxanne, Roxanne
Lair:5 exclusion: downstairs
Abyss:1 Kirke, Nessos, Snorg


Innate Abilities, Weirdness & Mutations

You cannot wear boots.
Your serpentine skin is tough. (AC +5)
You have supernaturally acute eyesight. (SInv)
Armour fits poorly on your strangely shaped body.
Your system is resistant to poisons. (rPois)
You cover ground very slowly.
You have a slow metabolism.
You can spit poison.
You can use your snake-like lower body to constrict enemies.
Your magical capacity is low. (-10% MP)
You are somewhat resistant to further mutation.


Message History

The shambling mangrove is severely damaged.
The hornet stings you!
You suddenly lose the ability to move!
The hornet stings you but does no damage.
The hornet completely misses you. The hornet stings you.
You feel as though you will be slow longer.
The hornet stings you but does no damage.
The shambling mangrove hits you!!
* * * LOW HITPOINT WARNING * * *
The grasping roots constrict you.
The hornet stings you but does no damage.
The hornet stings you!
* * * LOW HITPOINT WARNING * * *
The hornet stings you but does no damage.
The hornet stings you but does no damage.
The hornet stings you.
* * * LOW HITPOINT WARNING * * *
The hornet stings you but does no damage.
The shambling mangrove hits you!!
You die...
Your body crumbles into a pile of gold.

.≈≈..♣♣.....♣♣.≈≈≈≈≈≈..≈≈≈.♣.≈≈..
≈≈≈♣♣♣.≈≈≈...≈..≈≈≈≈≈≈.≈≈..♣§...♣
♣♣♣♣ ♣..≈≈≈≈≈....≈≈≈≈≈...≈♣♣♣...≈
♣♣≈.≈≈≈≈≈≈...≈≈...♣♣♣♣♣ ♣...≈
♣♣♣♣♣.....≈≈≈.♣♣..≈♣♣♣♣♣♣♣ ♣♣≈...
♣♣.≈♣.≈≈.≈≈≈.♣♣♣§.♣♣♣♣♣..♣ ♣§.≈≈≈
.≈≈.♣.≈≈≈≈≈≈♣♣ ♣...≈♣♣≈.≈♣♣♣≈.≈..
≈.≈≈..≈≈≈...♣ ♣♣.≈≈≈..≈...≈≈♣.≈≈≈
♣♣≈..≈≈≈≈.♣♣♣♣♣y@≈≈≈≈≈≈...♣♣.≈≈≈≈
.♣♣♣.≈≈≈≈..≈..≈fyy≈≈≈≈≈......≈≈≈≈
.♣ ♣≈......≈≈.....≈≈≈≈.≈≈≈...≈≈≈≈
.♣♣♣♣♣♣≈.≈...§§≈≈≈≈≈...≈≈≈≈≈...≈≈
.≈♣ ♣♣..♣≈.§≈≈≈≈≈....≈≈≈≈≈..≈..
.♣♣ ♣♣≈...♣.≈≈≈≈§...♣.§≈≈....♣♣≈
♣♣ ♣.≈≈.≈.♣.≈≈≈≈§....≈≈..≈≈♣♣♣♣
♣.)≈.≈.♣.≈≈≈≈≈≈..§.≈♣♣♣♣♣ ♣
♣......♣♣..≈.≈.♣♣♣♣♣♣


You could see a shambling mangrove and 3 hornets.

Vanquished Creatures
  Rupert (D:15)
  A thorn hunter (Swamp:1)
  Donald (Orc:2)
  Aizul (Swamp:2)
  A deep elf sorcerer (D:11)
  A stone giant (D:13)
  A very ugly thing (D:13)
  An entropy weaver (Lair:4)
  Azrael (D:12)
  Josephine (Swamp:1)
  11 hydras
  A ghost crab (Swamp:1)
  A centaur warrior (D:15)
  4 two-headed ogres
  6 alligators
  2 tengu warriors (D:15)
  5 orc high priests (Orc:2)
  A vampire mage (D:11)
  6 unseen horrors
  A glowing orange brain (D:15)
  A swamp dragon (Swamp:2)
  6 orc sorcerers
  5 orb spiders (Spider:1)
  8 wolf spiders
  3 cyclopes
  13 deep elf magi
  A shining eye (shapeshifter) (D:14)
  6 ugly things (D:15)
  2 manticores
  An elephant (Lair:3)
  3 naga magi (D:11)
  3 gargoyles
  12 spiny frogs
  3 centaur skeletons
  2 rime drakes
  A kobold demonologist (D:15)
  A rime drake (shapeshifter) (D:13)
  3 demonic crawlers (Spider:1)
  3 komodo dragons
  A troll (shapeshifter) (D:13)
  9 trolls
  20 jumping spiders
  2 hornets
  Grinder (D:3)
  8 tyrant leeches
  3 blink frogs (Lair:1)
  2 bog bodies
  9 slime creatures
  6 dream sheep (Lair:5)
  5 hippogriffs
  9 tarantellas
  Sigmund (D:2)
  A spriggan (Swamp:2)
  A shadow (D:10)
  A tarantella (shapeshifter) (D:14)
  17 redbacks
  A vampire (D:13)
  A hog (D:15)
  3 wraiths (Swamp:1)
  2 basilisks
  29 yaks
  2 steam dragons
  A hungry ghost (D:11)
  6 fire elementals (D:12)
  9 vampire mosquitoes
  7 wargs (Orc:2)
  9 insubstantial wisps
  6 swamp worms
  An acid dragon (D:10)
  A soldier ant (D:13)
  9 water moccasins
  A hell hound (D:12)
  A swamp drake (Swamp:1)
  11 porcupines
  7 sky beasts
  5 ice beasts
  A sky beast (shapeshifter) (D:15)
  2 black bears (D:6)
  6 orc warriors
  2 phantoms
  8 ogres
  5 wolves (Lair:1)
  A wolf (shapeshifter) (D:13)
  3 centaurs
  7 crocodiles
  7 big kobolds
  11 bullfrogs
  An earth elemental (D:13)
  3 scorpions
  A wyvern skeleton (D:13)
  A killer bee (D:13)
  3 wights (D:13)
  2 electric eels
  3 howler monkeys (D:11)
  11 crimson imps
  3 quasits
  2 bullfrog zombies
  3 centaur zombies
  A bullfrog skeleton (D:13)
  8 hounds
  5 jellies
  32 orc priests
  Crazy Yiuf (D:3)
  8 iguanas
  Jessica (D:3)
  18 orc wizards
  7 worker ants
  2 big kobold zombies (Ossuary)
  A hound zombie (D:6)
  A hound skeleton (D:5)
  4 mummies (Ossuary)
  A howler monkey zombie (D:9)
  A worker ant zombie (D:6)
  4 gnolls (D:8)
  A howler monkey skeleton (D:7)
  15 adders
  4 shadow imps
  3 oozes
  4 adder skeletons
  2 dart slugs (D:3)
  7 leopard geckos
  84 orcs
  3 ball pythons (Sewer)
  13 giant cockroaches
  5 goblins
  8 hobgoblins
  2 quokkas
  9 bats
  5 frilled lizards
  2 goblin zombies (Ossuary)
  2 hobgoblin zombies (Ossuary)
  17 kobolds
  A leopard gecko skeleton (D:5)
  An orc zombie (Ossuary)
  A quokka skeleton (D:8)
  4 rats
707 creatures vanquished.

Vanquished Creatures (collateral kills)
  2 insubstantial wisps (Swamp:2)
2 creatures vanquished.

Vanquished Creatures (others)
  An emperor scorpion (Lair:4)
  2 dancing weapons (D:13)
  A skeletal warrior (D:13)
  2 unseen horrors
  2 wolf spiders
  A deep elf mage (D:11)
  An elephant (Lair:2)
  2 black mambas
  2 cyclopes
  3 centaur zombies
  2 rime drakes
  2 demonic crawlers (Lair:4)
  2 blink frogs (Lair:1)
  A hippogriff (Lair:2)
  4 slime creatures
  A tarantella (Spider:1)
  A redback (Lair:4)
  2 wraiths (Swamp:1)
  A wyvern (Lair:3)
  3 yaks
  2 hogs (D:15)
  A vampire mosquito (D:15)
  2 swamp worms (Swamp:3)
  A water moccasin (Lair:1)
  A swamp drake (Swamp:3)
  A sky beast (D:12)
  An orc warrior (Orc:2)
  A phantom (D:13)
  A wolf (Lair:1)
  A crocodile (Lair:1)
  A bullfrog (Lair:1)
  A jelly (Lair:5)
  An orc wizard (D:11)
  An orc (Orc:2)
  A briar patch (Swamp:2)
  3 fungi
  34 plants
90 creatures vanquished.

Grand Total: 799 creatures vanquished

Notes
Turn   | Place    | Note
-------+----------+-------------------------------------------
     0 | D:1      | Shannon140 the Naga Wanderer began the quest for the Orb.
     0 | D:1      | Shannon140 set off with the following items: a +0 dagger, a
                  | +0 robe, a ration; and the following spells available to
                  | memorise: Corona, Summon Butterflies, Ensorcelled
                  | Hibernation, Shock, Confuse, Tukima's Dance, Summon
                  | Guardian Golem, Dazzling Spray, Mephitic Cloud
     0 | D:1      | Reached XP level 1. HP: 15/15 MP: 2/2
   152 | D:1      | Reached skill level 1 in Stealth
   256 | D:1      | Reached skill level 1 in Fighting
   256 | D:1      | Reached XP level 2. HP: 23/25 MP: 3/3
   262 | D:1      | Learned a level 2 spell: Ensorcelled Hibernation
   310 | D:1      | Learned a level 1 spell: Summon Butterflies
   319 | D:1      | Reached skill level 2 in Stealth
   886 | D:1      | Reached XP level 3. HP: 31/31 MP: 4/4
   953 | D:2      | Noticed Sigmund
  1238 | D:2      | Found an ornate altar of the Wu Jian Council.
  1894 | D:3      | Reached skill level 3 in Stealth
  1968 | D:3      | Reached XP level 4. HP: 28/39 MP: 6/6
  2056 | D:3      | Found a hide-covered altar of Uskayaw.
  2153 | D:3      | Reached skill level 4 in Stealth
  2153 | D:3      | Reached XP level 5. HP: 33/46 MP: 7/7
  2326 | D:3      | Noticed Jessica
  2335 | D:3      | Killed Jessica
  2432 | D:3      | Reached skill level 5 in Stealth
  2514 | D:3      | Noticed Grinder
  2516 | D:3      | Paralysed by Grinder for 5 turns
  2700 | D:3      | Found a runed translucent door.
  2701 | D:3      | Noticed Crazy Yiuf
  2787 | D:3      | Killed Crazy Yiuf
  3425 | D:4      | Reached XP level 6. HP: 55/56 MP: 8/8
  3435 | D:4      | Found a glowing drain.
  3545 | Sewer    | Entered a sewer
  3575 | Sewer    | Reached skill level 6 in Stealth
  3651 | Sewer    | Reached skill level 7 in Stealth
  3700 | Sewer    | Reached XP level 7. HP: 49/66 MP: 9/9
  3846 | D:4      | Found a sand-covered staircase.
  3851 | Ossuary  | Entered an ossuary
  4139 | Ossuary  | Reached skill level 5 in Fighting
  4147 | Ossuary  | Reached skill level 8 in Stealth
  4235 | D:4      | Found a glowing silver altar of Zin.
  4235 | D:4      | Found a burning altar of Makhleb.
  4236 | D:4      | Noticed a green death
  4236 | D:4      | Noticed an angel
  4828 | D:5      | Entered Level 5 of the Dungeon
  5312 | D:5      | Reached skill level 9 in Stealth
  5371 | D:5      | Reached XP level 8. HP: 75/76 MP: 10/10
  6251 | D:6      | Found a staircase to the Ecumenical Temple.
  6262 | D:6      | Found Joyn's Armour Shoppe.
  6274 | Temple   | Entered the Ecumenical Temple
  6444 | D:3      | Found a sparkling altar of Nemelex Xobeh.
  6448 | D:3      | Found a white marble altar of Elyvilon.
  6754 | D:2      | Killed Sigmund
  6786 | D:3      | Paralysed by Grinder for 3 turns
  6793 | D:3      | Killed Grinder
  6793 | D:3      | Reached skill level 10 in Stealth
  7149 | D:6      | Found a glowing golden altar of the Shining One.
  7276 | D:6      | Reached XP level 9. HP: 83/85 MP: 11/11
  8221 | D:7      | Reached skill level 11 in Stealth
  8449 | D:7      | Found a shattered altar of Ashenzari.
  8648 | D:8      | Reached skill level 5 in Shields
  8926 | D:8      | Found an iron altar of Okawaru.
  8978 | D:8      | Found a stormy altar of Qazlal.
  8985 | D:8      | Found a blossoming altar of Fedhas.
  9215 | D:8      | Noticed a komodo dragon
  9231 | D:8      | Killed a komodo dragon
  9231 | D:8      | Reached XP level 10. HP: 50/96 MP: 12/12
  9239 | D:8      | Reached skill level 12 in Stealth
  9396 | D:8      | Found a staircase to the Lair.
  9533 | D:8      | Found an opulent altar of Gozag.
  9533 | D:8      | Found a snail-covered altar of Cheibriados.
  9534 | D:8      | Found a radiant altar of Vehumet.
  9772 | D:8      | Became a worshipper of Gozag Ym Sagoz the Greedy
  9940 | D:6      | Bought a +3 ring mail of cold resistance for 312 gold
                  | pieces
 10173 | D:9      | Found a staircase to the Orcish Mines.
 10179 | D:9      | You fall through a shaft for 2 floors!
 10195 | D:11     | Noticed an unseen horror
 10223 | D:11     | Killed an unseen horror
 10485 | D:10     | Entered Level 10 of the Dungeon
 10610 | D:9      | Found a hazy altar of Hepliaklqana.
 11170 | D:9      | Found a sacrificial altar of Ru.
 11810 | D:10     | Noticed an unseen horror
 11831 | D:10     | Killed an unseen horror
 11831 | D:10     | Reached skill level 13 in Stealth
 12520 | D:11     | Noticed an unseen horror
 12619 | D:11     | Noticed an unseen horror
 12648 | D:11     | Reached XP level 11. HP: 76/106 MP: 13/13
 12894 | D:11     | Noticed a deep elf mage
 13212 | D:11     | Noticed a deep elf mage
 13226 | D:11     | Killed a deep elf mage
 13357 | D:11     | Identified the ring of Tomoleber {rElec rC+ Dex+2}
 13364 | D:11     | Noticed an unseen horror
 13413 | D:11     | Killed an unseen horror
 13424 | D:11     | Killed an unseen horror
 13542 | D:11     | Found Luygoxzi's Assorted Antiques.
 13547 | D:11     | Bought a grey potion for 26 gold pieces
 13547 | D:11     | Bought a scroll labeled ZOMPEC DAGY for 29 gold pieces
 13568 | D:11     | Reached skill level 14 in Stealth
 13869 | D:11     | Killed a deep elf mage
 14125 | D:10     | Killed an unseen horror
 14615 | D:10     | Reached skill level 10 in Fighting
 15026 | D:11     | Noticed a deep elf mage
 15285 | D:11     | Noticed a deep elf mage
 15291 | D:11     | Killed a deep elf mage
 15291 | D:11     | Reached skill level 15 in Stealth
 15297 | D:11     | Killed a deep elf mage
 15300 | D:11     | Noticed a deep elf mage
 15473 | D:11     | Noticed a deep elf mage
 15477 | D:11     | Killed a deep elf mage
 15649 | D:11     | Killed a deep elf mage
 15795 | D:11     | Noticed a vampire mage
 15802 | D:11     | Killed a vampire mage
 15802 | D:11     | Reached XP level 12. HP: 118/118 MP: 14/14
 15970 | D:11     | Reached skill level 16 in Stealth
 16339 | D:11     | Identified the Collected Works on Talismans and Lightness
 16369 | D:11     | Identified the Grimoire of Dislocation and Shape Shifting
 16379 | D:11     | Found a deep blue altar of Sif Muna.
 16398 | D:11     | Noticed a deep elf sorcerer
 16403 | D:11     | Killed a deep elf sorcerer
 16524 | D:11     | Identified the Catalogue of Dark Orientation
 16526 | D:11     | Identified the Tome of Creation
 16562 | D:11     | Identified the Incunabulum of Dark Envenoming
 16564 | D:11     | Identified the Reference Book on the Blaze and Aid
 16580 | D:11     | Learned a level 3 spell: Regeneration
 16586 | D:11     | Learned a level 5 spell: Summon Mana Viper
 16589 | D:11     | Learned a level 2 spell: Blink
 16611 | D:11     | Paralysed by an orc sorcerer for 7 turns
 16614 | D:11     | Gained mutation: You occasionally shout uncontrollably at
                  | your foes. [a neqoxec]
 16624 | D:11     | Reached skill level 1 in Armour
 16624 | D:11     | Reached skill level 1 in Dodging
 16931 | D:11     | You fall through a shaft for 3 floors!
 17280 | D:11     | Got shimmering ice dragon scales
 17291 | D:11     | Identified the +9 ice dragon scales of the King of the Hill
                  | {rF- rC++ rCorr Slay+3} (You found it on level 11 of the
                  | Dungeon)
 17525 | D:12     | Noticed Azrael
 17645 | Lair:1   | Entered Level 1 of the Lair of Beasts
 17747 | Lair:1   | Reached skill level 17 in Stealth
 18012 | Lair:1   | Got a distressingly furry chain mail
 18013 | Lair:1   | Identified the cursed +1 chain mail of Immorality {-Cast
                  | rElec Dex+3} (You found it on level 1 of the Lair of
                  | Beasts)
 18314 | Lair:1   | Noticed a four-headed hydra
 18322 | Lair:1   | Killed a four-headed hydra
 18362 | Lair:1   | Gained mutation: You can use your snake-like lower body to
                  | constrict enemies. [Naga growth]
 18362 | Lair:1   | Reached XP level 13. HP: 52/128 MP: 15/15
 19258 | Lair:2   | Reached skill level 5 in Armour
 19686 | Lair:3   | Noticed Snorg
 19694 | Lair:3   | Banished Snorg
 20218 | Lair:3   | Found a staircase to the Swamp.
 20804 | Lair:4   | Reached skill level 18 in Stealth
 21089 | Lair:4   | Found a hole to the Spider Nest.
 21446 | Lair:4   | Got a crude leather armour
 21447 | Lair:4   | Identified the +1 leather armour "Ivvapiof" {Regen+ Str+4}
                  | (You found it on level 4 of the Lair of Beasts)
 22556 | Lair:6   | Entered Level 6 of the Lair of Beasts
 22624 | Lair:6   | Identified a scroll of acquirement
 22659 | Lair:5   | Got a slimy naga barding
 22665 | Lair:5   | Identified the +0 naga barding "Leut" {Int+9 Dex-2 Stlth+}
                  | (You acquired it on level 5 of the Lair of Beasts)
 22961 | D:12     | Reached skill level 5 in Dodging
 23047 | D:12     | Reached XP level 14. HP: 139/139 MP: 16/16
 24203 | D:13     | Found a runed translucent door.
 24204 | D:13     | Found a runed translucent door.
 24205 | D:13     | Found a runed translucent door.
 24205 | D:13     | Noticed a stone giant
 24251 | D:13     | Found a gate to the Vaults.
 24483 | D:13     | Found Lakeemamue's Pet Rocks.
 25524 | D:14     | Reached skill level 19 in Stealth
 25843 | D:14     | Found a deep blue altar of Sif Muna.
 26148 | D:15     | Entered Level 15 of the Dungeon
 26438 | D:15     | Noticed Kirke
 26448 | D:15     | Noticed a sphinx
 26668 | D:15     | Found a staircase to the Depths.
 26949 | D:15     | Noticed Nessos
 27268 | D:14     | Gained mutation: Your spells are a little harder to cast,
                  | but a little more powerful. [a shining eye]
 27445 | D:15     | Banished Nessos
 27765 | D:15     | Noticed Rupert
 27766 | D:15     | Identified Roxanne's Handbook of Transmutation
 27766 | D:15     | Noticed Roxanne
 27775 | D:15     | Killed Rupert
 27816 | D:15     | Banished Kirke
 28005 | D:15     | Reached XP level 15. HP: 123/148 MP: 17/17
 28486 | D:13     | Reached skill level 10 in Armour
 28799 | D:13     | Reached skill level 20 in Stealth
 29227 | D:12     | Killed Azrael
 29505 | D:12     | Got an ichor-stained robe
 29506 | D:12     | Identified the +5 robe "Ymeucic" {rF+++ Regen+ Int-3
                  | Stlth+} (You found it on level 12 of the Dungeon)
 29776 | Spider:1 | Entered Level 1 of the Spider Nest
 29776 | Spider:1 | Noticed an emperor scorpion
 29987 | Lair:4   | Banished an emperor scorpion
 29987 | Lair:4   | Reached skill level 1 in Translocations
 30171 | Spider:1 | Learned a level 2 spell: Poisonous Vapours
 31068 | Spider:1 | Lost mutation: Your spells are a little harder to cast, but
                  | a little more powerful. [potion of mutation]
 31068 | Spider:1 | Lost mutation: You occasionally shout uncontrollably at
                  | your foes. [potion of mutation]
 31068 | Spider:1 | Gained mutation: Your magical capacity is low. (-10% MP)
                  | [potion of mutation]
 31068 | Spider:1 | Gained mutation: You are somewhat resistant to further
                  | mutation. [potion of mutation]
 31124 | Spider:1 | Reached skill level 1 in Air Magic
 31592 | Spider:1 | Reached skill level 5 in Poison Magic
 31779 | Spider:1 | Noticed an emperor scorpion
 32611 | Orc:1    | Entered Level 1 of the Orcish Mines
 32641 | Orc:1    | Found Enwan Raf's Distillery.
 32652 | Orc:1    | Bought a potion of heal wounds for 70 gold pieces
 32741 | Orc:2    | Entered Level 2 of the Orcish Mines
 32873 | Orc:2    | Found a runed translucent door.
 33029 | Orc:2    | Found a staircase to the Elven Halls.
 33357 | Orc:2    | Found Bohi's Food Boutique.
 33725 | Orc:2    | Found a roughly hewn altar of Beogh.
 33738 | Orc:2    | Reached XP level 16. HP: 152/159 MP: 19/19
 33747 | Orc:2    | Found Mukluno's Assorted Antiques.
 33790 | Orc:2    | Bought a wand of acid (5) for 200 gold pieces
 33910 | Orc:2    | Noticed Donald
 33938 | Orc:2    | Killed Donald
 33938 | Orc:2    | Reached skill level 5 in Summonings
 34090 | Orc:2    | Found Ticzyap's Jewellery Boutique.
 34090 | Orc:2    | Found Witaloel's Book Emporium.
 34417 | Orc:2    | Found a roughly hewn altar of Beogh.
 34653 | Swamp:1  | Entered Level 1 of the Swamp
 35036 | Swamp:1  | Reached skill level 1 in Polearms
 35135 | Swamp:1  | Reached skill level 5 in Hexes
 35152 | Swamp:1  | Noticed Josephine
 35599 | Swamp:1  | Killed Josephine
 35783 | Swamp:2  | Learned a level 4 spell: Passage of Golubria
 35931 | Swamp:2  | Reached skill level 5 in Spellcasting
 36317 | Swamp:2  | Noticed a thorn hunter
 36423 | Swamp:1  | Killed a thorn hunter
 36529 | Swamp:2  | Noticed Aizul
 36542 | Swamp:2  | Killed Aizul
 36985 | Swamp:2  | Paralysed by a hornet for 2 turns
 36986 | Swamp:2  | Mangled by a shambling mangrove

Skill      XL: |  1  2  3  4  5  6  7  8  9 10 11 12 13 14 15 16 |
---------------+-------------------------------------------------+-----
Stealth        | 1 2 3 4 5 7 9 10 11 13 15 17 18 19 20 | 20.4
Fighting       | 1 2 3 4 5 6 7 9 10 11 12 13 14 | 14.1
Shields        | 3 6 8 9 |  9.0
Summonings     | 3 4 7 |  7.5
Armour         | 4 7 9 10 | 10.5
Dodging        | 3 5 |  5.0
Translocations | 3 4 |  4.0
Spellcasting   | 3 5 |  5.3
Poison Magic   | 5 |  5.0
Air Magic      | 2 |  2.0
Hexes          | 4 5 |  5.8
Polearms       | 3 |  3.1
Fire Magic     | |  2.0
Evocations     | |  1.0

Action                   |  1- 3 |  4- 6 |  7- 9 | 10-12 | 13-15 | 16-18 || total
-------------------------+-------+-------+-------+-------+-------+-------++-------
Melee: Dagger            |   145 |     8 |       |       |       |       ||   153
       Whip              |       |   148 |   489 |   738 |   302 |    53 ||  1730
       Quarterstaff      |       |       |    38 |       |       |       ||    38
       Falchion          |       |       |       |   146 |  1008 |       ||  1154
       Constrict         |       |       |       |       |   310 |    49 ||   359
       Demon trident     |       |       |       |       |       |   374 ||   374
 Cast: Summon Butterflie |     5 |     2 |       |       |       |       ||     7
       Ensorcelled Hiber |     5 |       |       |       |       |       ||     5
       Poisonous Vapours |       |       |       |       |    73 |     9 ||    82
       Passage of Golubr |       |       |       |       |       |     2 ||     2
       Summon Mana Viper |       |       |       |       |       |     1 ||     1
Invok: Potion Petition   |       |       |       |     1 |     1 |       ||     2
 Abil: Spit Poison       |     9 |     9 |     4 |     4 |     4 |       ||    30
Evoke: Wand              |       |       |     2 |    50 |    50 |    13 ||   115
       Lamp of fire      |       |       |       |       |       |     1 ||     1
  Use: Scroll            |       |     4 |     8 |    22 |    18 |     3 ||    55
       Potion            |       |       |       |       |     4 |     2 ||     6
 Stab: Sleeping          |    11 |     9 |    22 |    14 |    34 |    11 ||   101
       Petrified         |       |       |     5 |       |       |       ||     5
       Distracted        |       |       |     1 |     3 |    18 |     3 ||    25
       Confused          |       |       |       |     2 |       |       ||     2
       Paralysed         |       |       |       |     1 |     2 |       ||     3
  Eat: Chunk             |     1 |     5 |     9 |       |       |       ||    15
       Ration            |     1 |       |     2 |     9 |    13 |     4 ||    29
Armor: Robe              |    68 |   131 |    59 |       |   475 |   364 ||  1097
       Scale mail        |       |       |   243 |    14 |       |       ||   257
       Ring mail         |       |       |       |   404 |       |       ||   404
       Ice dragon scales |       |       |       |    99 |   778 |       ||   877
Dodge: Dodged            |    74 |   108 |   117 |   269 |   580 |   201 ||  1349
       Deflected         |       |       |       |       |    11 |       ||    11
Block: Shield            |       |       |   178 |   518 |   990 |   265 ||  1951
       Rpst.: Falchion   |       |       |       |    14 |    90 |       ||   104
